 Dungeon Crawl Stone Soup version 0.31.0-12-g77e489cdc1 (webtiles) character file.

Game seed: 5441574926109448038

493 Doomgape the Shooter (level 7, 0/44 HPs)
             Began as a Kobold Hunter on Feb 11, 2024.
             Slain by a hound (4 damage)
             ... on level 5 of the Dungeon.
             The game lasted 00:06:33 (3819 turns).

Doomgape the Shooter (Kobold Hunter)                Turns: 3819, Time: 00:06:33

Health: 0/44       AC:  5    Str:  9    XL:     7   Next: 37%
Magic:  7/7        EV: 14    Int: 10    God:
Gold:   241        SH:  0    Dex: 20    Spells: 6/6 levels left

rFire   . . .        a - +1 shortbow
rCold   . . .        (shield currently unavailable)
rNeg    . . .        c - +0 leather armour
rPois   .            (no helmet)
rElec   .            (no cloak)
rCorr   .            (no gloves)
SInv    .            f - +1 pair of boots
Will    .....        (no amulet)
Stlth   ++++         (no ring)
HPRegen 0.27/turn    (no ring)
MPRegen 0.10/turn

%: no passive effects
@: studying Unarmed Combat
A: small, no large weapons, nightstalker 3
a: no special abilities


You were on level 5 of the Dungeon.
You visited 1 branch of the dungeon, and saw 5 of its levels.

You collected 241 gold pieces.

Inventory:

Hand Weapons
 a - a +1 shortbow (weapon)
Armour
 c - a +0 leather armour (worn)
 f - a +1 pair of boots (worn)
Jewellery
 g - a ring of flight
Wands
 m - a wand of roots (3)
Scrolls
 b - 2 scrolls of butterflies
 e - 2 scrolls of identify
 h - 2 scrolls of teleportation {unknown}
 k - a scroll of enchant weapon
 l - a scroll of poison {unknown}
Potions
 d - a potion of mutation {unknown}
 i - 2 potions of might
 j - a potion of heal wounds {unknown}
 n - a potion of ambrosia {unknown}


   Skills:
 + Level 5.1 Fighting
 + Level 7.6 Ranged Weapons
 - Level 2.4 Dodging
 + Level 6.0 Stealth


You had 6 spell levels left.
You didn't know any spells.
Your spell library contained the following spells:

 Spells                   Type           Power      Damage    Failure   Level
 Apportation              Tloc           0%         N/A       47%         1
 Kiss of Death            Conj/Necr      0%         2d5       47%         1
 Necrotise                Necr           0%         1d4       47%         1
 Sting                    Conj/Alch      0%         1d3       47%         1
 Summon Small Mammal      Summ           0%         N/A       47%         1
 Blink                    Tloc           0%         N/A       63%         2
 Lesser Beckoning         Tloc           0%         N/A       63%         2
 Momentum Strike          Conj/Tloc      0%         3d8       63%         2
 Call Canine Familiar     Summ           0%         N/A       85%         3
 Confusing Touch          Hex            0%         N/A       85%         3
 Inner Flame              Hex/Fire       0%         N/A       85%         3
 Sigil of Binding         Hex            0%         N/A       85%         3
 Dimensional Bullseye     Hex/Tloc       0%         N/A       99%         4
 Dispel Undead            Necr           0%         3d6       99%         4
 Flame Wave               Conj/Fire      0%         2d4       99%         4
 Sticky Flame             Fire/Alch      0%         2d4       99%         4


Dungeon Overview and Level Annotations

Branches:
Dungeon (5/15)
 Temple: D:4-7

Altars:

Shops:
D:1 *=:*(   D:5 :


Innate Abilities, Weirdness & Mutations

You are small and have problems with some larger weapons.
You are completely attuned to the shadows.


Message History

You shoot an arrow.
The arrow hits the hound but does no damage.
The hound is moderately wounded.
The hound completely misses you. The hound bites you. x2
The hound barely misses you.
You shoot an arrow. The arrow closely misses the hound.
The hound misses you. The hound bites you.
You shoot an arrow. The arrow closely misses the hound.
The hound bites you. x2
The hound closely misses you. The hound bites you.
You shoot an arrow. The arrow misses the hound.
The hound barely misses you. The hound bites you.
You shoot an arrow. The arrow barely misses the hound.
The hound barely misses you. The hound bites you. The hound barely misses you.
The hound closely misses you.
You shoot an arrow. The arrow hits the hound!
The hound is severely wounded.
The hound bites you. x2
The hound misses you. The hound attacks as it pursues you! The hound bites you.
The hound attacks as it pursues you! The hound bites you but does no damage.
The hound attacks as it pursues you!
The hound bites you but does no damage. x2
The hound attacks as it pursues you! The hound bites you. The hound misses you.
The hound attacks as it pursues you! The hound barely misses you.
You shoot an arrow. The arrow closely misses the hound. x2
The hound bites you but does no damage. The hound bites you.
* * * LOW HITPOINT WARNING * * *
You shoot an arrow. The arrow misses the hound.
The arrow barely misses the hound.
The hound bites you.
* * * LOW HITPOINT WARNING * * *
You shoot an arrow.
The arrow hits the hound but does no damage.
The hound bites you.
* * * LOW HITPOINT WARNING * * *
The hound barely misses you.
You shoot an arrow. The arrow hits the hound.
The hound is heavily wounded.
The hound bites you.
* * * LOW HITPOINT WARNING * * *
The hound bites you.
You die...

#########.# #....
........).# #...
#.........# #.##..#
##........# #.##..#
#........# #.##..#
#.#+###+## #.#..##
##...###.# #....#
..>......###########.####
................@hh..#
###.##################
#.# #.# #.# #.# #.# #.#
#.#


You could see 2 hounds.

Vanquished Creatures
  An ogre (D:4)
  A phantom (D:4)
  A scorpion (D:5)
  A bombardier beetle (D:5)
  A hound (D:4)
  An orc priest (D:4)
  2 orc wizards
  5 adders
  2 ufetubi (D:4)
  A dart slug (D:1)
  2 ribbon worms
  4 orcs (D:4)
  5 ball pythons
  7 endoplasms
  4 hobgoblins
  7 jackals
  5 quokkas
  5 bats
  2 frilled lizards
  5 goblins
  7 kobolds
  3 rats
72 creatures vanquished.

Notes
Turn   | Place    | Note
-------+----------+-------------------------------------------
     0 | D:1      | Doomgape the Kobold Hunter began the quest for the Orb.
     0 | D:1      | Reached XP level 1. HP: 12/12 MP: 1/1
    84 | D:1      | Found Fakkuej's General Store.
   141 | D:1      | Found Rush's Weapon Emporium.
   187 | D:1      | Found a faded altar of an unknown god.
   203 | D:1      | Found Gethimo's Book Emporium.
   205 | D:1      | Reached XP level 2. HP: 18/18 MP: 2/2
   217 | D:1      | Found Sessujo's Jewellery Emporium.
   348 | D:1      | Found Lupickav's Assorted Antiques.
   589 | D:2      | Reached XP level 3. HP: 22/22 MP: 3/3
  1052 | D:2      | Reached XP level 4. HP: 28/28 MP: 4/4
  1254 | D:2      | Reached skill level 6 in Ranged Weapons
  2198 | D:4      | Reached XP level 5. HP: 26/32 MP: 5/5
  2493 | D:4      | Reached XP level 6. HP: 38/38 MP: 6/6
  2528 | D:4      | Noticed an ogre
  2533 | D:4      | Killed an ogre
  2534 | D:4      | Reached skill level 7 in Ranged Weapons
  2534 | D:4      | Reached skill level 5 in Stealth
  2743 | D:4      | Reached XP level 7. HP: 20/44 MP: 7/7
  3032 | D:5      | Entered Level 5 of the Dungeon
  3103 | D:5      | Found Gaweom's Book Shoppe.
  3143 | D:5      | Reached skill level 5 in Fighting
  3819 | D:5      | Slain by a hound

Illustrated notes

Levels and vault maps discovered:
D:1:      lemuel_arrival_river_bridge, layout_rooms, serial_shops, shop,
          nicolae_shop_behind_doors, nicolae_shop_bloodbath_and_beyond, shop,
          shop, shapermc_ecumenical_altar_notcrosses
D:2:      layout_basic
D:3:      layout_basic
D:4:      layout_basic
D:5:      layout_basic, serial_library, serial_library_hellmonk_small_alcove,
          serial_library_hellmonk_narrow_alcove,
          serial_library_hellmonk_filled_rooms, serial_library_hellmonk_u_bend,
          serial_library_hellmonk_h_bend, serial_library_hellmonk_h_bend,
          serial_library_hellmonk_secret_room, serial_shops, shop

Skill      XL: |  1  2  3  4  5  6  7 |
---------------+----------------------+-----
Stealth        | 2 3 4 5 6 |  6.0
Fighting       | 3 4 5 |  5.1
Ranged Weapons | 6 7 |  7.6
Dodging        | |  2.4

Action                     |  1- 3 |  4- 6 |  7- 9 || total
---------------------------+-------+-------+-------++-------
   Fire: Shortbow          |    54 |   127 |    36 ||   217
    Use: Scroll            |     2 |     4 |       ||     6
 Armour: Leather armour    |     9 |    38 |    28 ||    75
  Dodge: Dodged            |    12 |    57 |    34 ||   103
